 Dungeon Crawl Stone Soup version 0.16-a0-4112-g89a4107 (console) character file.

78 mauris the Cudgeler (level 4, 0/35 HPs)
             Began as a Demonspawn Abyssal Knight on Feb 27, 2015.
             Was a Believer of Lugonu.
             Slain by an orc wizard
             ... wielding a +0 dagger
              (4 damage)
             ... on level 3 of the Dungeon.
             The game lasted 00:04:55 (2766 turns).

mauris the Cudgeler (Demonspawn Abyssal Knight)     Turns: 2766, Time: 00:04:56

Health: 0/35       AC:  3    Str: 18    XL:     4   Next: 15%
Magic:  5/5        EV: 13    Int: 14    God:    Lugonu [**....]
Gold:   36         SH:  0    Dex: 12    Spells: 0 memorised, 3 levels left

rFire  . . .     SeeInvis .     a - +1 mace
rCold  . . .     Clarity  .     b - +0 leather armour
rNeg   . . .     SustAb   .     (no shield)
rPois  .         Gourm    .     (no helmet)
rElec  .         Spirit   .     (no cloak)
rCorr  .         Warding  .     (no gloves)
rMut   .         Stasis   .     (no boots)
MR     .....                    (no amulet)
Stlth  ++........               (no ring)
                                o - ring of stealth

@: mighty, not resistant to hostile enchantments, unstealthy
A: repulsion field 1, powered by pain 1
a: Depart the Abyss, Bend Space, Renounce Religion


You were on level 3 of the Dungeon.
You worshipped Lugonu.
Lugonu was pleased with you.
You were not hungry.

You visited 1 branch of the dungeon, and saw 3 of its levels.
You visited the Abyss 1 time.

You collected 36 gold pieces.

Inventory:

Hand weapons
 a - a +1 mace (weapon)
 q - a +0 blowgun {@w1}
Missiles
 r - 5 poisoned needles
Armour
 b - a +0 leather armour (worn)
Jewellery
 o - a ring of stealth (left hand)
Scrolls
 d - a scroll of noise {unknown}
 f - a scroll of identify {@r1}
 g - a scroll of remove curse
 i - a scroll of fear {unknown}
 j - a scroll of recharging {unknown}
 p - 2 scrolls of teleportation {@r4}
Potions
 k - a potion of flight {unknown}
 l - a potion of agility {unknown}
 m - a potion of ambrosia {unknown}
 n - a potion of curing {unknown}
Comestibles
 c - a bread ration
 h - a royal jelly


   Skills:
 - Level 3.0 Fighting
 + Level 4.0 Maces & Flails
 - Level 1.7 Armour
 - Level 0.8 Dodging
 - Level 2.4 Invocations


You had 3 spell levels left.
You didn't know any spells.

Dungeon Overview and Level Annotations

Branches:
Dungeon (3/15)

Altars:
Cheibriados
Okawaru


Innate Abilities, Weirdness & Mutations

You are surrounded by a mild repulsion field (EV +2).
You sometimes gain a little power by taking damage.


Message History

You start resting.
Something hits you.
Damage: -3%(-1hp) hp: 72%(25hp)
You hit something. Something hits you.
Damage: -14%(-5hp) hp: 58%(20hp)
You closely miss something. Something hits you.
Something hits you but does no damage.
Damage: -9%(-3hp) hp: 49%(17hp)
You barely miss something. Something hits you.
Huge Dmg: -11%(-4hp) hp: 38%(13hp) Drink which item? (? for menu, Esc to quit)
You feel very mighty all of a sudden. Something hits you.
Huge Dmg: -9%(-3hp) hp: 29%(10hp)
You miss something. Something hits you.
* * * LOW HITPOINT WARNING * * *
Huge Dmg: -17%(-6hp) hp: 12%(4hp) Unknown command.
You barely miss something. Something hits you.
You die...

. #. #.# #.# #.#
##. #..## #
#.#.# .##
#.{@##.. #.##..#
#.##.>#
#####..%##..
##....(#.##.#<
##..(/..........
##
#...((.........
.###
#...(.{.........
....#
#..............


There were no monsters in sight!

Vanquished Creatures
  2 adders (D:2)
  A giant gecko (D:1)
  An ooze (D:3)
  13 bats
  4 giant cockroaches
  10 goblins
  6 hobgoblins
  A quokka (D:2)
  4 giant newts
  3 jackals (D:1)
  6 kobolds
  5 rats
56 creatures vanquished.

Notes
Turn   | Place    | Note
--------------------------------------------------------------
     0 | Abyss:1  | mauris, the Demonspawn Abyssal Knight, began the quest for the Orb.
     0 | Abyss:1  | Reached XP level 1. HP: 18/18 MP: 1/1
     8 | Abyss:1  | Found a corrupted altar of Lugonu.
    14 | Abyss:1  | Found a corrupted altar of Lugonu.
   101 | Abyss:1  | Found a corrupted altar of Lugonu.
   106 | Abyss:1  | Noticed a large abomination
   107 | D:1      | Escaped the Abyss
   156 | D:1      | Acquired Lugonu's first power
   168 | D:1      | Huge Dmg: 3 Dmg
   169 | D:1      | Huge Dmg: 3 Dmg
   170 | D:1      | Huge Dmg: 2 Dmg
   404 | D:1      | Gained mutation: You sometimes gain a little power by taking damage. [demonic ancestry]
   404 | D:1      | Reached XP level 2. HP: 20/24 MP: 2/2
   472 | D:1      | Huge Dmg: 5 Dmg
  1331 | D:2      | Huge Dmg: 5 Dmg
  1334 | D:2      | Gained mutation: You are surrounded by a mild repulsion field (EV +2). [demonic ancestry]
  1334 | D:2      | Reached XP level 3. HP: 18/29 MP: 4/4
  1586 | D:2      | Found an iron altar of Okawaru.
  1709 | D:2      | Acquired Lugonu's second power
  2190 | D:2      | Huge Dmg: 6 Dmg
  2191 | D:2      | Huge Dmg: 5 Dmg
  2191 | D:2      | Reached XP level 4. HP: 12/35 MP: 5/5
  2229 | D:2      | Reached skill level 4 in Maces & Flails
  2562 | D:3      | Found a snail-covered altar of Cheibriados.
  2609 | D:3      | Huge Dmg: 12 Dmg
  2764 | D:3      | Huge Dmg: 4 Dmg
  2765 | D:3      | Huge Dmg: 3 Dmg
  2766 | D:3      | Huge Dmg: 6 Dmg
  2766 | D:3      | Slain by an orc wizard

Action                   |  1- 3 |  4- 6 || total
-------------------------+-------+-------++-------
Melee: Mace              |   174 |    18 ||   192
Invok: Depart the Abyss  |     1 |       ||     1
  Use: Scroll            |       |     3 ||     3
       Potion            |       |     1 ||     1
 Stab: Sleeping          |       |     1 ||     1
  Eat: Chunk             |     4 |     2 ||     6

Vault maps used:
D:1:      lemuel_arrival_muddy, hangedman_decor_growths, minmay_misc_feat_five,
          minivault_24
D:2:      lemuel_crystal_altar, grunt_ministairs_3
D:3:      grunt_temple_overflow_open, st_stairs_7, minivault_27,
          grunt_decor_fettered, uniq_robin
